[ AOE2 MATCH · #480721237 ]
Team RMVietnamese vs Lithuanians
[ REPLAY ANALYSIS · EXTRACTED FROM THE RECORDED GAME ]
Feudal
13:17
Castle
22:18
Imperial
42:06
| APM avg | 43.7 |
| APM peak | 93 |
| eAPM avg | 24.8 |
| Villagers / military | 147 / 163 |
Focus
⚔️ 31.0% · 🌾 69.0%
Cavalry Archer ×76 · Archer ×34 · Skirmisher ×21 · Spearman ×10 · Rattan Archer ×9 · Mangonel ×8
Feudal
—
Castle
—
Imperial
—
| APM avg | 15.0 |
| APM peak | 28 |
| eAPM avg | 10.7 |
| Villagers / military | 71 / 109 |
Focus
⚔️ 28.6% · 🌾 71.4%
Archer ×65 · Shotel Warrior ×21 · Spearman ×19 · Monk ×3 · Militia ×1
Feudal
12:09
Castle
24:30
Imperial
45:45
| APM avg | 29.0 |
| APM peak | 70 |
| eAPM avg | 15.6 |
| Villagers / military | 93 / 78 |
Focus
⚔️ 27.0% · 🌾 73.0%
Magyar Huszar ×34 · Cavalry Archer ×21 · Knight ×12 · Scout Cavalry ×11
Feudal
11:14
Castle
26:53
Imperial
—
| APM avg | 19.3 |
| APM peak | 49 |
| eAPM avg | 13.0 |
| Villagers / military | 125 / 83 |
Focus
⚔️ 31.9% · 🌾 68.1%
Battle Elephant ×30 · Scout Cavalry ×21 · Scorpion ×17 · Spearman ×13 · Mangonel ×2 · Trade Cart ×1
Feudal
11:02
Castle
19:03
Imperial
—
| APM avg | 18.6 |
| APM peak | 49 |
| eAPM avg | 11.1 |
| Villagers / military | 56 / 129 |
Focus
⚔️ 46.1% · 🌾 53.9%
Spearman ×70 · Knight ×28 · Camel Scout ×26 · Cataphract ×3 · Mangonel ×1 · Scout Cavalry ×1
Feudal
11:21
Castle
18:36
Imperial
35:06
| APM avg | 28.3 |
| APM peak | 76 |
| eAPM avg | 14.8 |
| Villagers / military | 156 / 111 |
Focus
⚔️ 34.8% · 🌾 65.2%
Leitis ×106 · Monk ×3 · Spearman ×1 · Scout Cavalry ×1
Match map
Initial resources + every placement click. Lines = walls · curves = elevation contours. ◆ gold · ⬟ stone · ● berries · ✦ relic · ◌ wall gap
Your base· Open — unwalled flank
iamlegolas312's base· ✓ Closed at 27:13 · 74t walls · 4 gate(s)
Kuato's base· ✓ Closed at 24:30 · 60t walls · 1 gate(s)
UnAmigo.es's base· Open — 7t gap
purotte^'s base· Open — unwalled flank
highvoltage's base· Open — unwalled flank
Smoothed initial terrain · ◌ = detected wall gap · hover for details
Inputs per minute
— Manu - - iamlegolas312
Build order — Manu
First 150 of 477 actions detected
| 0:02 | Build | House |
| 0:03 | Build | House |
| 0:04 | Create | Villager (Male) |
| 0:04 | Create | Villager (Male) |
| 0:04 | Create | Villager (Male) |
| 0:28 | Create | Villager (Male) |
| 0:28 | Create | Villager (Male) |
| 0:28 | Create | Villager (Male) |
| 1:47 | Create | Villager (Male) |
| 1:47 | Create | Villager (Male) |
| 1:49 | Build | Lumber Camp |
| 2:08 | Create | Villager (Male) |
| 2:08 | Create | Villager (Male) |
| 2:52 | Create | Villager (Male) |
| 2:53 | Create | Villager (Male) |
| 3:24 | Build | House |
| 3:27 | Build | House |
| 3:47 | Create | Villager (Male) |
| 3:47 | Create | Villager (Male) |
| 4:21 | Create | Villager (Male) |
| 4:21 | Create | Villager (Male) |
| 4:21 | Create | Villager (Male) |
| 4:51 | Create | Villager (Male) |
| 4:51 | Create | Villager (Male) |
| 5:00 | Build | Mill |
| 5:19 | Create | Villager (Male) |
| 5:19 | Create | Villager (Male) |
| 5:20 | Create | Villager (Male) |
| 6:13 | Create | Villager (Male) |
| 6:13 | Create | Villager (Male) |
| 6:28 | Build | Barracks |
| 6:32 | Create | Villager (Male) |
| 6:32 | Create | Villager (Male) |
| 6:52 | Create | Villager (Male) |
| 6:52 | Create | Villager (Male) |
| 7:07 | Create | Villager (Male) |
| 7:08 | Create | Villager (Male) |
| 7:26 | Build | Farm |
| 7:34 | Create | Villager (Male) |
| 7:35 | Create | Villager (Male) |
| 7:46 | Build | Farm |
| 8:10 | Create | Villager (Male) |
| 8:17 | Build | Palisade Wall |
| 8:34 | Build | Farm |
| 8:51 | Build | House |
| 8:55 | Build | Palisade Wall |
| 9:03 | Build | Farm |
| 9:08 | Build | Farm |
| 9:21 | Create | Villager (Male) |
| 9:45 | Build | Palisade Wall |
| 9:51 | Build | Palisade Wall |
| 9:59 | Build | Palisade Gate |
| 10:03 | Create | Villager (Male) |
| 10:05 | Create | Villager (Male) |
| 10:07 | Build | Farm |
| 10:11 | Build | Farm |
| 10:56 | Build | Lumber Camp |
| 11:06 | Create | Villager (Male) |
| 11:07 | Research | Feudal Age |
| 12:08 | Build | House |
| 12:15 | Build | House |
| 13:01 | Build | Mining Camp |
| 13:17 | Age | Feudal Age |
| 13:23 | Build | Archery Range |
| 13:42 | Build | Blacksmith |
| 13:44 | Create | Villager (Male) |
| 13:44 | Create | Villager (Male) |
| 13:45 | Create | Villager (Male) |
| 13:51 | Research | Double-Bit Axe |
| 14:10 | Create | Archer |
| 14:10 | Create | Archer |
| 14:10 | Create | Archer |
| 14:10 | Create | Archer |
| 14:14 | Create | Archer |
| 14:15 | Create | Archer |
| 14:46 | Research | Fletching |
| 14:57 | Build | Archery Range |
| 15:01 | Create | Archer |
| 15:02 | Create | Archer |
| 15:03 | Create | Villager (Male) |
| 15:03 | Create | Villager (Male) |
| 15:05 | Create | Villager (Male) |
| 15:14 | Build | Farm |
| 15:19 | Build | House |
| 15:20 | Build | House |
| 15:24 | Create | Villager (Male) |
| 15:37 | Create | Archer |
| 15:54 | Create | Archer |
| 15:55 | Create | Archer |
| 16:06 | Create | Villager (Male) |
| 16:10 | Create | Villager (Male) |
| 16:13 | Build | Farm |
| 16:13 | Build | Farm |
| 16:19 | Build | Farm |
| 16:21 | Build | Farm |
| 16:24 | Create | Villager (Male) |
| 16:29 | Create | Archer |
| 16:29 | Create | Archer |
| 16:58 | Create | Archer |
| 16:59 | Create | Archer |
| 17:27 | Create | Villager (Male) |
| 17:27 | Create | Villager (Male) |
| 17:29 | Build | Farm |
| 17:30 | Build | Farm |
| 17:33 | Build | Farm |
| 17:33 | Build | Farm |
| 17:34 | Build | Farm |
| 18:25 | Create | Villager (Male) |
| 18:29 | Build | Farm |
| 18:29 | Build | Farm |
| 18:35 | Build | Farm |
| 18:46 | Create | Villager (Male) |
| 18:49 | Research | Loom |
| 18:50 | Create | Villager (Male) |
| 19:08 | Create | Villager (Male) |
| 19:12 | Build | Farm |
| 19:19 | Build | Market |
| 19:34 | Research | Castle Age |
| 20:09 | Create | Spearman |
| 20:09 | Create | Spearman |
| 20:11 | Create | Spearman |
| 20:13 | Create | Villager (Male) |
| 20:18 | Create | Archer |
| 20:18 | Create | Archer |
| 20:18 | Create | Archer |
| 20:18 | Create | Archer |
| 20:28 | Research | Gold Mining |
| 20:31 | Research | Horse Collar |
| 20:41 | Research | Padded Archer Armor |
| 20:48 | Build | Archery Range |
| 21:00 | Build | Mining Camp |
| 21:14 | Create | Archer |
| 21:15 | Create | Archer |
| 21:43 | Create | Villager (Male) |
| 21:57 | Build | House |
| 22:18 | Age | Castle Age |
| 22:20 | Research | Crossbowman (upgrade) |
| 22:21 | Create | Archer |
| 22:22 | Create | Archer |
| 22:22 | Create | Archer |
| 22:24 | Create | Villager (Male) |
| 22:27 | Research | Bow Saw |
| 22:34 | Create | Archer |
| 22:34 | Create | Archer |
| 22:50 | Create | Villager (Male) |
| 23:04 | Research | Pikeman (upgrade) |
| 23:07 | Create | Spearman |
| 23:07 | Create | Spearman |
| 23:16 | Create | Villager (Male) |
| 23:36 | Create | Archer |
Build order — iamlegolas312
First 150 of 280 actions detected
| 0:20 | Research | Loom |
| 0:21 | Create | Villager (Male) |
| 0:21 | Create | Villager (Male) |
| 0:23 | Build | House |
| 0:24 | Build | House |
| 0:30 | Build | House |
| 0:32 | Build | House |
| 1:25 | Create | Villager (Male) |
| 1:25 | Create | Villager (Male) |
| 1:25 | Create | Villager (Male) |
| 2:08 | Create | Villager (Male) |
| 2:49 | Create | Villager (Male) |
| 3:24 | Create | Villager (Male) |
| 3:24 | Create | Villager (Male) |
| 3:43 | Create | Villager (Male) |
| 3:43 | Create | Villager (Male) |
| 4:44 | Create | Villager (Male) |
| 4:45 | Create | Villager (Male) |
| 4:53 | Build | Mill |
| 5:26 | Create | Villager (Male) |
| 5:50 | Create | Villager (Male) |
| 6:28 | Create | Villager (Male) |
| 6:28 | Create | Villager (Male) |
| 6:29 | Create | Villager (Male) |
| 7:17 | Create | Villager (Male) |
| 7:50 | Create | Villager (Male) |
| 7:51 | Create | Villager (Male) |
| 8:08 | Build | Lumber Camp |
| 8:34 | Build | House |
| 8:36 | Build | House |
| 9:09 | Research | Feudal Age |
| 9:23 | Build | Palisade Wall |
| 9:28 | Build | Palisade Gate |
| 9:42 | Build | Palisade Wall |
| 9:47 | Build | Palisade Wall |
| 9:54 | Build | Palisade Wall |
| 10:49 | Build | Palisade Wall |
| 10:52 | Build | Palisade Gate |
| 11:22 | Create | Villager (Male) |
| 11:23 | Create | Villager (Male) |
| 11:26 | Research | Double-Bit Axe |
| 11:34 | Build | Mining Camp |
| 11:57 | Build | Market |
| 11:59 | Build | Blacksmith |
| 12:10 | Create | Villager (Male) |
| 12:56 | Create | Villager (Male) |
| 12:56 | Create | Villager (Male) |
| 13:10 | Build | Barracks |
| 13:13 | Research | Gold Mining |
| 13:16 | Research | Horse Collar |
| 13:45 | Create | Villager (Male) |
| 13:45 | Create | Villager (Male) |
| 14:00 | Build | Archery Range |
| 14:26 | Build | Stable |
| 14:34 | Build | Archery Range |
| 14:38 | Create | Spearman |
| 14:38 | Create | Spearman |
| 14:50 | Create | Archer |
| 14:50 | Create | Archer |
| 15:04 | Build | Stone Wall |
| 15:14 | Build | Stone Wall |
| 15:19 | Build | Gate |
| 15:29 | Create | Archer |
| 15:32 | Create | Archer |
| 15:32 | Create | Archer |
| 16:00 | Build | Palisade Gate |
| 16:16 | Create | Archer |
| 16:16 | Create | Archer |
| 16:18 | Research | Fletching |
| 16:18 | Research | Padded Archer Armor |
| 16:44 | Build | House |
| 16:46 | Build | House |
| 17:58 | Create | Spearman |
| 17:58 | Create | Spearman |
| 19:14 | Build | Mill |
| 19:24 | Build | Stone Wall |
| 19:31 | Build | Gate |
| 19:52 | Build | Barracks |
| 20:04 | Build | Stone Wall |
| 20:23 | Create | Archer ×5 |
| 20:34 | Build | Farm |
| 20:35 | Build | Farm |
| 20:35 | Build | Farm |
| 20:36 | Build | Farm |
| 20:39 | Create | Villager (Male) |
| 20:43 | Create | Villager (Male) |
| 20:51 | Build | Farm |
| 20:52 | Build | Farm |
| 20:52 | Build | Farm |
| 20:52 | Build | Farm |
| 20:59 | Create | Archer |
| 20:59 | Create | Archer |
| 20:59 | Create | Archer |
| 21:10 | Build | Mining Camp |
| 21:29 | Create | Villager (Male) |
| 21:29 | Create | Villager (Male) |
| 21:43 | Build | House |
| 21:44 | Build | House |
| 21:46 | Build | House |
| 22:21 | Create | Spearman |
| 22:21 | Create | Spearman |
| 22:29 | Create | Villager (Male) |
| 22:29 | Create | Villager (Male) |
| 22:36 | Build | Farm |
| 22:37 | Build | Farm |
| 22:40 | Create | Villager (Male) |
| 23:02 | Research | Scale Mail Armor |
| 23:32 | Build | Stone Wall |
| 25:26 | Research | Wheelbarrow |
| 25:26 | Research | Town Watch |
| 27:13 | Research | Castle Age |
| 27:20 | Create | Archer ×5 |
| 27:21 | Create | Archer ×5 |
| 27:25 | Create | Spearman |
| 27:25 | Create | Spearman |
| 27:50 | Build | Stone Wall |
| 27:55 | Build | Gate |
| 28:10 | Build | Stone Wall |
| 28:12 | Build | Gate |
| 28:23 | Create | Archer |
| 28:24 | Create | Archer |
| 28:24 | Create | Archer |
| 28:24 | Create | Archer |
| 28:27 | Create | Spearman |
| 28:28 | Create | Spearman |
| 28:33 | Research | Stone Mining |
| 28:54 | Create | Spearman |
| 29:23 | Create | Spearman |
| 29:36 | Build | Lumber Camp |
| 29:57 | Research | Crossbowman (upgrade) |
| 30:04 | Research | Bodkin Arrow |
| 30:20 | Build | Town Center |
| 30:52 | Research | Bow Saw |
| 30:57 | Create | Archer |
| 30:57 | Create | Archer |
| 30:57 | Create | Archer |
| 31:04 | Create | Archer |
| 31:05 | Create | Archer |
| 31:10 | Build | Monastery |
| 31:17 | Create | Villager (Male) |
| 31:17 | Create | Villager (Male) |
| 31:21 | Create | Villager (Male) |
| 31:21 | Create | Villager (Male) |
| 31:39 | Create | Monk |
| 31:39 | Create | Monk |
| 31:44 | Create | Archer |
| 31:44 | Create | Archer |
| 31:46 | Create | Spearman |
| 31:46 | Create | Spearman |
| 32:26 | Build | Farm |
Build order — Kuato
First 150 of 316 actions detected
| 0:02 | Build | House |
| 0:04 | Build | House |
| 0:04 | Create | Villager (Male) |
| 0:05 | Create | Villager (Male) |
| 0:05 | Create | Villager (Male) |
| 0:05 | Create | Villager (Male) |
| 0:05 | Create | Villager (Male) |
| 1:54 | Build | Lumber Camp |
| 1:56 | Create | Villager (Male) |
| 1:57 | Create | Villager (Male) |
| 2:05 | Create | Villager (Male) |
| 2:05 | Create | Villager (Male) |
| 2:20 | Create | Villager (Male) |
| 2:20 | Create | Villager (Male) |
| 2:53 | Create | Villager (Male) |
| 2:53 | Create | Villager (Male) |
| 3:15 | Create | Villager (Male) |
| 3:39 | Create | Villager (Male) |
| 3:40 | Create | Villager (Male) |
| 3:51 | Build | Mill |
| 3:54 | Create | Villager (Male) |
| 3:54 | Create | Villager (Male) |
| 4:47 | Create | Villager (Male) |
| 4:47 | Create | Villager (Male) |
| 4:59 | Build | House |
| 5:00 | Build | House |
| 5:15 | Create | Villager (Male) |
| 5:16 | Create | Villager (Male) |
| 5:16 | Create | Villager (Male) |
| 5:21 | Research | Loom |
| 5:37 | Create | Villager (Male) |
| 5:37 | Create | Villager (Male) |
| 5:38 | Create | Villager (Male) |
| 6:17 | Create | Villager (Male) |
| 6:17 | Create | Villager (Male) |
| 6:26 | Build | Barracks |
| 6:52 | Build | House |
| 7:30 | Build | Palisade Wall |
| 8:09 | Build | House |
| 8:13 | Build | House |
| 8:19 | Create | Villager (Male) |
| 8:21 | Create | Villager (Male) |
| 9:02 | Build | Mining Camp |
| 9:08 | Create | Villager (Male) |
| 9:08 | Create | Villager (Male) |
| 9:33 | Build | Palisade Wall |
| 9:42 | Create | Villager (Male) |
| 9:45 | Research | Feudal Age |
| 10:20 | Build | Farm |
| 10:39 | Build | Farm |
| 11:18 | Build | Palisade Wall |
| 11:23 | Build | Palisade Wall |
| 11:32 | Build | Palisade Wall |
| 11:46 | Build | Palisade Wall |
| 11:58 | Create | Villager (Male) |
| 11:58 | Create | Villager (Male) |
| 12:09 | Age | Feudal Age |
| 12:29 | Build | Stable |
| 12:47 | Build | Farm |
| 12:51 | Research | Double-Bit Axe |
| 13:17 | Build | Blacksmith |
| 13:28 | Build | Palisade Gate |
| 13:33 | Create | Scout Cavalry |
| 13:33 | Create | Scout Cavalry |
| 13:33 | Create | Scout Cavalry |
| 13:34 | Create | Scout Cavalry |
| 13:41 | Build | Farm |
| 13:42 | Create | Villager (Male) |
| 13:42 | Create | Villager (Male) |
| 13:47 | Build | Farm |
| 14:15 | Build | Farm |
| 14:29 | Build | Farm |
| 14:34 | Create | Scout Cavalry |
| 14:34 | Create | Scout Cavalry |
| 15:19 | Research | Scale Barding Armor |
| 15:22 | Build | Farm |
| 15:40 | Create | Villager (Male) |
| 15:40 | Create | Villager (Male) |
| 15:50 | Research | Bloodlines |
| 15:58 | Build | Lumber Camp |
| 16:19 | Create | Villager (Male) |
| 16:19 | Create | Villager (Male) |
| 16:47 | Build | Mining Camp |
| 17:02 | Build | Farm |
| 17:07 | Create | Villager (Male) |
| 17:07 | Create | Villager (Male) |
| 17:47 | Build | Farm |
| 17:59 | Create | Scout Cavalry |
| 17:59 | Create | Scout Cavalry |
| 17:59 | Create | Scout Cavalry |
| 18:38 | Build | Farm |
| 18:39 | Build | Farm |
| 19:13 | Build | Farm |
| 19:19 | Research | Horse Collar |
| 19:31 | Build | Farm |
| 19:32 | Build | Farm |
| 20:19 | Build | Market |
| 20:48 | Build | Outpost |
| 20:53 | Build | Outpost |
| 20:55 | Build | Outpost |
| 21:11 | Create | Villager (Male) |
| 21:47 | Build | Farm |
| 21:50 | Research | Castle Age |
| 21:54 | Build | House |
| 21:56 | Build | House |
| 21:59 | Build | House |
| 22:30 | Build | Stable |
| 22:50 | Research | Town Watch |
| 22:53 | Research | Wheelbarrow |
| 23:29 | Build | Outpost |
| 23:42 | Create | Scout Cavalry |
| 23:43 | Create | Scout Cavalry |
| 23:52 | Build | Stable |
| 23:58 | Build | House |
| 24:02 | Build | House |
| 24:04 | Build | House |
| 24:18 | Build | House |
| 24:22 | Build | Palisade Wall |
| 24:30 | Age | Castle Age |
| 24:37 | Create | Knight |
| 24:37 | Create | Knight |
| 24:44 | Build | House |
| 25:19 | Build | House |
| 25:24 | Build | Farm |
| 25:26 | Create | Knight |
| 25:26 | Create | Knight |
| 25:47 | Build | Farm |
| 26:10 | Create | Knight |
| 26:10 | Create | Knight |
| 26:52 | Build | Farm |
| 27:02 | Create | Knight |
| 27:02 | Create | Knight |
| 27:04 | Create | Knight |
| 27:04 | Create | Knight |
| 27:19 | Build | Castle |
| 27:58 | Build | Farm |
| 28:07 | Create | Villager (Male) |
| 28:07 | Create | Villager (Male) |
| 28:24 | Build | Stone Wall |
| 28:28 | Build | Stone Wall |
| 28:33 | Build | Farm |
| 28:52 | Build | Gate |
| 28:57 | Build | Stone Wall |
| 29:02 | Build | Farm |
| 29:04 | Build | Mining Camp |
| 29:06 | Create | Villager (Male) |
| 29:06 | Create | Villager (Male) |
| 29:21 | Research | Husbandry |
| 29:26 | Create | Villager (Male) |
| 29:26 | Create | Villager (Male) |
Build order — UnAmigo.es
First 150 of 345 actions detected
| 0:05 | Create | Villager (Male) |
| 0:05 | Create | Villager (Male) |
| 0:06 | Create | Villager (Male) |
| 0:06 | Create | Villager (Male) |
| 0:31 | Build | House |
| 0:43 | Build | House |
| 0:46 | Build | House |
| 1:30 | Research | Loom |
| 1:39 | Build | Lumber Camp |
| 2:06 | Create | Villager (Male) |
| 3:03 | Create | Villager (Male) |
| 3:14 | Create | Villager (Male) |
| 4:25 | Create | Villager (Male) |
| 4:26 | Create | Villager (Male) |
| 4:39 | Create | Villager (Male) |
| 4:39 | Create | Villager (Male) |
| 5:33 | Create | Villager (Male) |
| 5:33 | Create | Villager (Male) |
| 6:43 | Create | Villager (Male) |
| 6:44 | Create | Villager (Male) |
| 7:39 | Create | Villager (Male) |
| 7:40 | Create | Villager (Male) |
| 7:42 | Create | Villager (Male) |
| 7:52 | Create | Villager (Male) |
| 7:53 | Create | Villager (Male) |
| 8:05 | Create | Villager (Male) |
| 8:06 | Create | Villager (Male) |
| 9:04 | Research | Feudal Age |
| 9:13 | Build | House |
| 9:40 | Build | Barracks |
| 10:03 | Create | Villager (Male) |
| 10:11 | Create | Villager (Male) |
| 10:12 | Create | Villager (Male) |
| 10:50 | Build | Barracks |
| 10:55 | Build | Mill |
| 11:14 | Age | Feudal Age |
| 11:39 | Build | Market |
| 11:50 | Build | Stable |
| 12:04 | Build | Stable |
| 12:09 | Create | Villager (Male) |
| 12:10 | Create | Villager (Male) |
| 13:03 | Create | Spearman |
| 13:04 | Create | Spearman |
| 13:14 | Build | House |
| 13:31 | Build | House |
| 13:33 | Build | House |
| 13:34 | Build | House |
| 13:41 | Build | House |
| 14:13 | Build | House |
| 14:22 | Build | Blacksmith |
| 14:33 | Create | Villager (Male) |
| 14:34 | Create | Villager (Male) |
| 14:34 | Create | Villager (Male) |
| 14:44 | Create | Villager (Male) |
| 14:45 | Create | Villager (Male) |
| 14:45 | Create | Villager (Male) |
| 15:15 | Build | Lumber Camp |
| 16:16 | Create | Villager (Male) |
| 16:38 | Build | Farm |
| 16:39 | Build | Farm |
| 16:40 | Build | Farm |
| 16:51 | Create | Scout Cavalry |
| 16:51 | Create | Scout Cavalry |
| 16:58 | Build | Farm |
| 17:00 | Build | Farm |
| 17:01 | Build | Farm |
| 17:01 | Build | Farm |
| 17:14 | Create | Spearman |
| 17:15 | Create | Spearman |
| 18:07 | Build | Farm |
| 18:08 | Build | Farm |
| 18:09 | Build | Farm |
| 18:10 | Build | Farm |
| 18:11 | Build | Farm |
| 18:14 | Build | Farm |
| 18:16 | Build | Farm |
| 18:27 | Build | Farm |
| 18:33 | Create | Villager (Male) |
| 18:33 | Create | Villager (Male) |
| 18:45 | Create | Scout Cavalry |
| 18:45 | Create | Scout Cavalry |
| 18:57 | Build | Farm |
| 18:58 | Build | Farm |
| 19:04 | Build | Farm |
| 19:08 | Create | Scout Cavalry |
| 19:08 | Create | Scout Cavalry |
| 19:21 | Create | Scout Cavalry |
| 19:32 | Create | Scout Cavalry |
| 19:33 | Create | Scout Cavalry |
| 20:09 | Create | Villager (Male) |
| 20:09 | Create | Villager (Male) |
| 20:09 | Create | Villager (Male) |
| 20:10 | Create | Villager (Male) |
| 20:17 | Build | Farm |
| 20:19 | Build | Farm |
| 20:20 | Build | Farm |
| 20:23 | Build | Farm |
| 20:25 | Build | Farm |
| 20:29 | Create | Villager (Male) |
| 20:34 | Create | Scout Cavalry |
| 20:38 | Create | Scout Cavalry |
| 20:38 | Create | Scout Cavalry |
| 21:02 | Research | Forging |
| 21:24 | Research | Scale Barding Armor |
| 21:31 | Create | Villager (Male) |
| 22:31 | Build | House |
| 22:33 | Build | House |
| 22:35 | Build | House |
| 22:39 | Build | Lumber Camp |
| 22:44 | Create | Villager (Male) |
| 22:44 | Create | Villager (Male) |
| 22:45 | Create | Villager (Male) |
| 22:45 | Create | Villager (Male) |
| 22:50 | Build | Mining Camp |
| 23:58 | Research | Castle Age |
| 24:19 | Build | Lumber Camp |
| 25:46 | Create | Villager (Male) |
| 26:05 | Create | Villager (Male) |
| 26:10 | Create | Villager (Male) |
| 26:18 | Research | Double-Bit Axe |
| 26:22 | Research | Horse Collar |
| 26:53 | Age | Castle Age |
| 26:57 | Build | Town Center |
| 27:27 | Build | Farm |
| 27:37 | Create | Villager (Male) |
| 27:38 | Create | Villager (Male) |
| 27:50 | Build | Farm |
| 28:22 | Create | Villager (Male) |
| 28:34 | Create | Villager (Male) |
| 28:34 | Create | Villager (Male) |
| 28:35 | Create | Villager (Male) |
| 28:35 | Create | Villager (Male) |
| 28:35 | Create | Villager (Male) |
| 28:36 | Create | Villager (Male) |
| 28:36 | Create | Villager (Male) |
| 29:06 | Build | Siege Workshop |
| 29:15 | Create | Villager (Male) |
| 29:15 | Create | Villager (Male) |
| 29:16 | Create | Villager (Male) |
| 29:17 | Create | Villager (Male) |
| 29:20 | Create | Battle Elephant |
| 29:20 | Create | Battle Elephant |
| 29:20 | Create | Battle Elephant |
| 29:24 | Create | Battle Elephant |
| 29:25 | Create | Battle Elephant |
| 29:25 | Create | Battle Elephant |
| 29:25 | Create | Battle Elephant |
| 29:26 | Create | Battle Elephant |
| 29:26 | Create | Battle Elephant |
| 29:35 | Research | Pikeman (upgrade) |
Build order — purotte^
First 150 of 286 actions detected
| 0:02 | Create | Villager (Male) |
| 0:02 | Create | Villager (Male) |
| 0:02 | Create | Villager (Male) |
| 0:04 | Build | House |
| 0:05 | Build | House |
| 0:06 | Create | Villager (Male) |
| 0:06 | Create | Villager (Male) |
| 1:36 | Create | Villager (Male) |
| 1:45 | Build | Lumber Camp |
| 2:26 | Create | Villager (Male) |
| 3:01 | Create | Villager (Male) |
| 3:50 | Create | Villager (Male) |
| 3:51 | Create | Villager (Male) |
| 4:04 | Research | Loom |
| 4:05 | Create | Villager (Male) |
| 5:04 | Create | Villager (Male) |
| 5:05 | Create | Villager (Male) |
| 5:08 | Build | Mill |
| 5:19 | Build | House |
| 5:21 | Build | House |
| 6:00 | Create | Villager (Male) |
| 6:00 | Create | Villager (Male) |
| 6:56 | Create | Villager (Male) |
| 6:56 | Create | Villager (Male) |
| 6:57 | Create | Villager (Male) |
| 7:33 | Build | House |
| 7:44 | Build | Barracks |
| 7:52 | Build | Farm |
| 7:55 | Create | Villager (Male) |
| 8:52 | Research | Feudal Age |
| 9:11 | Build | House |
| 9:36 | Build | Farm |
| 9:36 | Build | Farm |
| 9:37 | Build | Farm |
| 9:42 | Build | Farm |
| 10:31 | Build | Mining Camp |
| 11:02 | Age | Feudal Age |
| 11:28 | Build | Stone Wall |
| 11:45 | Create | Villager (Male) |
| 11:45 | Create | Villager (Male) |
| 11:46 | Create | Villager (Male) |
| 11:47 | Create | Villager (Male) |
| 11:52 | Research | Double-Bit Axe |
| 12:00 | Create | Spearman |
| 12:01 | Create | Spearman |
| 13:28 | Create | Villager (Male) |
| 13:29 | Create | Villager (Male) |
| 13:42 | Build | Stone Wall |
| 14:00 | Create | Spearman |
| 14:04 | Create | Villager (Male) |
| 14:21 | Build | Lumber Camp |
| 14:45 | Build | Stable |
| 14:47 | Build | Stable |
| 14:58 | Build | Market |
| 15:02 | Build | Blacksmith |
| 15:23 | Build | Stone Wall |
| 16:19 | Create | Villager (Male) |
| 16:23 | Research | Castle Age |
| 16:43 | Build | Mining Camp |
| 16:56 | Create | Scout Cavalry |
| 17:36 | Create | Villager (Male) |
| 17:36 | Create | Villager (Male) |
| 18:12 | Build | Farm |
| 18:13 | Build | Farm |
| 18:13 | Build | Farm |
| 18:14 | Build | Farm |
| 18:16 | Research | Horse Collar |
| 18:23 | Create | Villager (Male) |
| 18:43 | Build | Stone Wall |
| 19:03 | Age | Castle Age |
| 19:26 | Build | Stable |
| 19:29 | Build | Stable |
| 19:37 | Create | Villager (Male) |
| 20:20 | Create | Knight |
| 20:21 | Create | Knight |
| 20:22 | Create | Knight |
| 20:22 | Create | Knight |
| 20:26 | Build | House |
| 20:27 | Build | House |
| 20:28 | Build | House |
| 20:29 | Build | House |
| 20:32 | Build | Farm |
| 20:32 | Build | Farm |
| 21:20 | Build | Stone Wall |
| 21:25 | Create | Villager (Male) |
| 21:25 | Create | Villager (Male) |
| 21:25 | Create | Villager (Male) |
| 21:57 | Create | Villager (Male) |
| 22:11 | Build | Barracks |
| 22:14 | Build | Barracks |
| 22:28 | Create | Camel Scout |
| 22:28 | Create | Camel Scout |
| 22:31 | Create | Camel Scout |
| 22:31 | Create | Camel Scout |
| 22:44 | Build | Farm |
| 22:47 | Build | Farm |
| 23:38 | Create | Camel Scout |
| 23:38 | Create | Camel Scout |
| 23:38 | Create | Camel Scout |
| 23:45 | Build | Barracks |
| 23:46 | Build | Barracks |
| 23:48 | Build | Barracks |
| 23:49 | Build | Barracks |
| 24:06 | Create | Villager (Male) |
| 24:06 | Create | Villager (Male) |
| 24:07 | Create | Villager (Male) |
| 24:47 | Create | Camel Scout |
| 24:48 | Create | Camel Scout |
| 24:48 | Create | Camel Scout |
| 25:20 | Create | Camel Scout |
| 25:20 | Create | Camel Scout |
| 25:30 | Create | Spearman |
| 25:30 | Create | Spearman |
| 25:30 | Create | Spearman |
| 25:31 | Create | Spearman |
| 25:45 | Create | Camel Scout |
| 25:50 | Create | Spearman |
| 25:50 | Create | Spearman |
| 25:50 | Create | Spearman |
| 25:51 | Create | Spearman |
| 26:53 | Create | Villager (Male) |
| 26:54 | Create | Villager (Male) |
| 26:54 | Create | Villager (Male) |
| 26:55 | Create | Villager (Male) |
| 26:55 | Create | Villager (Male) |
| 26:56 | Create | Villager (Male) |
| 26:59 | Build | House |
| 27:00 | Build | House |
| 27:35 | Build | Stone Wall |
| 27:39 | Build | Stone Wall |
| 28:04 | Create | Villager (Male) |
| 28:04 | Create | Villager (Male) |
| 28:13 | Build | Lumber Camp |
| 28:20 | Research | Pikeman (upgrade) |
| 28:25 | Create | Spearman |
| 28:25 | Create | Spearman |
| 28:26 | Create | Spearman |
| 28:40 | Build | Mill |
| 28:42 | Build | Farm |
| 28:42 | Build | Farm |
| 28:43 | Build | Farm |
| 28:43 | Build | Farm |
| 28:43 | Build | Farm |
| 29:17 | Build | Barracks |
| 29:17 | Build | Barracks |
| 29:18 | Build | Barracks |
| 29:20 | Build | Barracks |
| 29:34 | Build | Stone Wall |
| 29:48 | Build | Gate |
| 29:56 | Create | Villager (Male) |
Build order — highvoltage
First 150 of 381 actions detected
| 0:00 | Create | Villager (Male) |
| 0:01 | Create | Villager (Male) |
| 0:01 | Create | Villager (Male) |
| 0:01 | Create | Villager (Male) |
| 0:01 | Create | Villager (Male) |
| 0:03 | Build | House |
| 0:04 | Build | House |
| 0:32 | Create | Villager (Male) |
| 0:32 | Create | Villager (Male) |
| 1:30 | Create | Villager (Male) |
| 1:30 | Create | Villager (Male) |
| 1:57 | Build | Lumber Camp |
| 2:22 | Create | Villager (Male) |
| 2:22 | Create | Villager (Male) |
| 3:19 | Create | Villager (Male) |
| 3:19 | Create | Villager (Male) |
| 3:19 | Create | Villager (Male) |
| 3:27 | Build | House |
| 3:51 | Build | Mill |
| 3:55 | Create | Villager (Male) |
| 3:55 | Create | Villager (Male) |
| 4:21 | Create | Villager (Male) |
| 4:21 | Create | Villager (Male) |
| 4:52 | Create | Villager (Male) |
| 5:03 | Build | House |
| 5:05 | Build | House |
| 5:32 | Create | Villager (Male) |
| 5:34 | Create | Villager (Male) |
| 6:25 | Create | Villager (Male) |
| 6:26 | Create | Villager (Male) |
| 6:43 | Create | Villager (Male) |
| 6:44 | Create | Villager (Male) |
| 7:45 | Create | Villager (Male) |
| 7:47 | Research | Loom |
| 8:20 | Build | Palisade Wall |
| 8:26 | Build | Palisade Gate |
| 8:42 | Build | Mining Camp |
| 8:48 | Build | Farm |
| 8:51 | Research | Feudal Age |
| 9:37 | Build | Farm |
| 9:39 | Build | Farm |
| 9:42 | Build | Farm |
| 9:44 | Build | Farm |
| 9:53 | Build | Palisade Wall |
| 10:14 | Build | Palisade Wall |
| 10:20 | Create | Villager (Male) |
| 10:20 | Create | Villager (Male) |
| 10:48 | Create | Villager (Male) |
| 10:50 | Create | Villager (Male) |
| 11:21 | Age | Feudal Age |
| 11:27 | Build | Barracks |
| 11:40 | Build | Farm |
| 11:42 | Create | Villager (Male) |
| 11:44 | Research | Double-Bit Axe |
| 12:02 | Build | Palisade Wall |
| 12:06 | Create | Villager (Male) |
| 12:10 | Build | House |
| 12:11 | Build | House |
| 12:18 | Build | Stable |
| 12:28 | Create | Spearman |
| 12:41 | Create | Villager (Male) |
| 12:45 | Build | Farm |
| 12:49 | Create | Villager (Male) |
| 12:54 | Build | Farm |
| 13:05 | Build | Palisade Gate |
| 13:13 | Build | Palisade Wall |
| 13:22 | Create | Villager (Male) |
| 13:45 | Create | Villager (Male) |
| 13:59 | Build | Blacksmith |
| 14:25 | Create | Villager (Male) |
| 14:28 | Build | Farm |
| 15:08 | Build | House |
| 15:29 | Research | Castle Age |
| 15:47 | Build | Mining Camp |
| 16:01 | Research | Scale Barding Armor |
| 16:24 | Build | Palisade Wall |
| 16:36 | Create | Villager (Male) |
| 16:46 | Build | Farm |
| 16:46 | Build | Farm |
| 16:46 | Build | Farm |
| 16:47 | Build | Farm |
| 16:47 | Build | Farm |
| 17:01 | Create | Villager (Male) |
| 17:20 | Create | Scout Cavalry |
| 17:59 | Research | Forging |
| 18:00 | Research | Fletching |
| 18:27 | Research | Bloodlines |
| 18:32 | Create | Villager (Male) |
| 18:36 | Age | Castle Age |
| 19:12 | Build | Castle |
| 19:20 | Research | Fletching |
| 19:30 | Create | Villager (Male) |
| 19:31 | Create | Villager (Male) |
| 19:38 | Create | Villager (Male) |
| 20:29 | Create | Leitis |
| 20:30 | Create | Leitis |
| 20:30 | Create | Leitis |
| 20:51 | Build | Monastery |
| 21:12 | Research | Husbandry |
| 21:12 | Research | Husbandry |
| 21:38 | Create | Leitis |
| 21:43 | Create | Monk |
| 21:54 | Create | Leitis |
| 21:54 | Create | Leitis |
| 22:18 | Create | Leitis |
| 22:34 | Create | Villager (Male) |
| 22:55 | Build | Town Center |
| 23:18 | Create | Monk |
| 23:28 | Create | Villager (Male) |
| 23:28 | Create | Villager (Male) |
| 23:28 | Create | Villager (Male) |
| 23:55 | Create | Villager (Male) |
| 23:55 | Create | Villager (Male) |
| 24:05 | Build | House |
| 24:06 | Build | House |
| 24:08 | Build | House |
| 24:19 | Create | Villager (Male) |
| 24:19 | Create | Villager (Male) |
| 24:20 | Create | Villager (Male) |
| 24:23 | Create | Leitis |
| 24:24 | Create | Leitis |
| 24:28 | Create | Leitis |
| 25:55 | Create | Villager (Male) |
| 25:56 | Create | Villager (Male) |
| 25:56 | Create | Villager (Male) |
| 25:56 | Create | Villager (Male) |
| 25:58 | Create | Leitis |
| 25:58 | Create | Leitis |
| 25:59 | Create | Leitis |
| 26:08 | Create | Villager (Male) |
| 26:08 | Create | Villager (Male) |
| 26:56 | Build | Castle |
| 26:59 | Create | Villager (Male) |
| 27:00 | Create | Villager (Male) |
| 27:00 | Create | Villager (Male) |
| 27:03 | Create | Villager (Male) |
| 27:04 | Create | Villager (Male) |
| 27:10 | Build | Farm |
| 27:15 | Build | Farm |
| 27:19 | Create | Leitis |
| 27:19 | Create | Leitis |
| 27:38 | Create | Villager (Male) |
| 27:38 | Create | Villager (Male) |
| 27:54 | Build | House |
| 27:55 | Build | House |
| 28:06 | Build | Farm |
| 28:09 | Build | Farm |
| 28:14 | Build | Farm |
| 28:16 | Create | Villager (Male) |
| 28:21 | Build | Farm |
Match timeline
| 6:26 | Kuato · first_building Barracks |
| 6:28 | Manu · first_building Barracks |
| 7:30 | Kuato · wall_segment Palisade Wall x10 |
| 7:44 | purotte^ · first_building Barracks |
| 8:17 | Manu · wall_segment Palisade Wall x10 |
| 8:20 | highvoltage · wall_segment Palisade Wall x10 |
| 8:55 | Manu · wall_segment Palisade Wall x1 |
| 9:23 | iamlegolas312 · wall_segment Palisade Wall x10 |
| 9:33 | Kuato · wall_segment Palisade Wall x7 |
| 9:40 | UnAmigo.es · first_building Barracks |
| 9:42 | iamlegolas312 · wall_segment Palisade Wall x6 |
| 9:45 | Manu · wall_segment Palisade Wall x8 |
| 9:47 | iamlegolas312 · wall_segment Palisade Wall x1 |
| 9:51 | Manu · wall_segment Palisade Wall x4 |
| 9:53 | highvoltage · wall_segment Palisade Wall x15 |
| 9:54 | iamlegolas312 · wall_segment Palisade Wall x1 |
| 10:14 | highvoltage · wall_segment Palisade Wall x1 |
| 10:49 | iamlegolas312 · wall_segment Palisade Wall x13 |
| 11:02 | purotte^ · age_up feudal |
| 11:14 | UnAmigo.es · age_up feudal |
| 11:18 | Kuato · wall_segment Palisade Wall x15 |
| 11:21 | highvoltage · age_up feudal |
| 11:23 | Kuato · wall_segment Palisade Wall x8 |
| 11:27 | highvoltage · first_building Barracks |
| 11:28 | purotte^ · wall_segment Stone Wall x9 |
| 11:32 | Kuato · wall_segment Palisade Wall x11 |
| 11:46 | Kuato · wall_segment Palisade Wall x9 |
| 11:50 | UnAmigo.es · first_building Stable |
| 12:02 | highvoltage · wall_segment Palisade Wall x9 |
| 12:09 | Kuato · age_up feudal |
| 12:18 | highvoltage · first_building Stable |
| 12:29 | Kuato · first_building Stable |
| 13:10 | iamlegolas312 · first_building Barracks |
| 13:13 | highvoltage · wall_segment Palisade Wall x8 |
| 13:17 | Manu · age_up feudal |
| 13:23 | Manu · first_building Archery Range |
| 13:42 | purotte^ · wall_segment Stone Wall x16 |
| 14:00 | iamlegolas312 · first_building Archery Range |
| 14:26 | iamlegolas312 · first_building Stable |
| 14:45 | purotte^ · first_building Stable |
| 15:04 | iamlegolas312 · wall_segment Stone Wall x9 |
| 15:14 | iamlegolas312 · wall_segment Stone Wall x13 |
| 15:23 | purotte^ · wall_segment Stone Wall x1 |
| 16:24 | highvoltage · wall_segment Palisade Wall x43 |
| 18:36 | highvoltage · age_up castle |
| 18:43 | purotte^ · wall_segment Stone Wall x7 |
| 19:03 | purotte^ · age_up castle |
| 19:12 | highvoltage · first_building Castle |
| 19:24 | iamlegolas312 · wall_segment Stone Wall x9 |
| 20:04 | iamlegolas312 · wall_segment Stone Wall x1 |
| 20:51 | highvoltage · first_building Monastery |
| 21:20 | purotte^ · wall_segment Stone Wall x5 |
| 22:18 | Manu · age_up castle |
| 23:32 | iamlegolas312 · wall_segment Stone Wall x12 |
| 23:54 | UnAmigo.es · first_market_sell 100 food |
| 24:22 | Kuato · wall_segment Palisade Wall x1 |
| 24:30 | Kuato · age_up castle |
| 26:12 | Manu · wall_segment Stone Wall x6 |
| 26:53 | UnAmigo.es · age_up castle |
| 26:58 | Manu · first_market_buy 100 wood |
| 27:12 | iamlegolas312 · first_market_buy 100 food |
| 27:19 | Kuato · first_building Castle |
| 27:35 | purotte^ · wall_segment Stone Wall x11 |
| 27:39 | Kuato · first_market_sell 100 food |
| 27:39 | purotte^ · wall_segment Stone Wall x6 |
| 27:40 | Kuato · first_market_buy 100 wood |
| 27:50 | iamlegolas312 · wall_segment Stone Wall x4 |
| 27:56 | Manu · first_building Siege Workshop |
| 28:10 | iamlegolas312 · wall_segment Stone Wall x9 |
| 28:24 | Kuato · wall_segment Stone Wall x17 |
| 28:28 | Kuato · wall_segment Stone Wall x3 |
| 28:57 | Kuato · wall_segment Stone Wall x4 |
| 29:06 | UnAmigo.es · first_building Siege Workshop |
| 29:34 | purotte^ · wall_segment Stone Wall x2 |
| 31:10 | iamlegolas312 · first_building Monastery |
| 31:52 | highvoltage · first_market_buy 100 food |
| 32:18 | purotte^ · first_building Castle |
| 32:25 | Kuato · first_building Archery Range |
| 33:43 | Manu · first_building Castle |
| 34:07 | iamlegolas312 · wall_segment Stone Wall x22 |
| 34:16 | iamlegolas312 · wall_segment Stone Wall x1 |
| 34:27 | UnAmigo.es · first_building Castle |
| 34:46 | highvoltage · first_building Siege Workshop |
| 35:06 | highvoltage · age_up imperial |
| 37:31 | iamlegolas312 · first_building Castle |
| 37:42 | purotte^ · first_market_buy 100 wood |
| 40:44 | purotte^ · first_building Siege Workshop |
| 42:06 | Manu · age_up imperial |
| 42:07 | Manu · first_market_sell 100 wood |
| 42:31 | UnAmigo.es · first_building Monastery |
| 42:57 | Manu · first_building Stable |
| 45:45 | Kuato · age_up imperial |
| 47:04 | Kuato · wall_segment Stone Wall x17 |
| 48:09 | Manu · resign |
[ AI ANALYSIS · 1 CREDIT ]
What really happened in this match?
Wolo.gg analyzes every decision: build order, eco, micro, common mistakes by bracket. Personalized analysis on WhatsApp or Discord in 30 seconds.
Civ guide
Vietnamese
Map guide
Arabia
Perfil
Jugador #2293728